 Dungeon Crawl Stone Soup version 0.21.1-1-g345015f (webtiles) character file.

80 prawnwizard the Insei (level 4, -6/29 HPs)
             Began as an Octopode Transmuter on July 22, 2018.
             Mangled by a gnoll
             ... wielding a +3 halberd
              (16 damage)
             ... on level 2 of the Dungeon.
             The game lasted 00:03:21 (1789 turns).

prawnwizard the Insei (Octopode Transmuter)         Turns: 1789, Time: 00:03:21

Health: -6/29      AC:  1    Str:  9    XL:     4   Next: 39%
Magic:  2/7        EV: 14    Int: 15    God:
Gold:   64         SH:  0    Dex: 13    Spells: 2/8 levels left

rFire    . . .     SeeInvis .     - Unarmed
rCold    . . .     Gourm    .   (no shield)
rNeg     . . .     Faith    .   (helmet restricted)
rPois    .         Spirit   .   (no amulet)
rElec    .         Reflect  .   (no ring)
rCorr    .         Harm     .   (no ring)
MR       .....                  (no ring)
Stlth    ++........             (no ring)
HPRegen  0.09/turn              (no ring)
MPRegen  0.10/turn              (no ring)
                                (no ring)
                                (no ring)

@: very slightly contaminated
A: almost no armour, stealthy swim, amphibious, 8 rings, constrict 8, camouflage
1, gelatinous body 1
a: no special abilities


You were on level 2 of the Dungeon.
You were not hungry.

You visited 1 branch of the dungeon, and saw 2 of its levels.

You collected 64 gold pieces.

Inventory:

Missiles
 a - 12 arrows
Jewellery
 d - a cursed ring of teleportation {unknown}
 k - an uncursed ring of flight {unknown}
 l - an uncursed ring of magical power {unknown}
 q - an uncursed amulet of rage {unknown}
Scrolls
 e - a scroll of blinking {unknown}
 g - a scroll of teleportation {unknown}
 h - a scroll of fog {unknown}
 j - 2 scrolls of enchant weapon {unknown}
 n - a scroll of magic mapping {unknown}
 o - 2 scrolls of identify {unknown}
 r - a scroll of remove curse {unknown}
Potions
 i - a potion of haste
 m - 2 potions of might {unknown}
 p - a potion of agility {unknown}
Books
 b - a book of Changes

   Spells                             Type                      Level
   a - Beastly Appendage              Transmutation                1
   b - Sticks to Snakes               Transmutation                2
   c - Spider Form                    Transmutation/Poison         3
   d - Ice Form                       Ice/Transmutation            4
   e - Blade Hands                    Transmutation                5
Comestibles
 c - 4 rations


   Skills:
 + Level 1.7 Fighting
 + Level 2.4 Dodging
 - Level 0.3 Stealth
 * Level 3.8 Unarmed Combat
 + Level 2.5 Spellcasting
 + Level 2.4 Transmutations


You had 2 spell levels left.
You knew the following spells:

 Your Spells              Type           Power        Failure   Level  Hunger
a - Beastly Appendage     Tmut           #.....       8%          1    #......
b - Sticks to Snakes      Tmut           #.......     12%         2    ###....
c - Spider Form           Tmut/Pois      #.........   36%         3    ###....


Dungeon Overview and Level Annotations

Branches:
Dungeon (2/15)

Altars:
Qazlal


Innate Abilities, Weirdness & Mutations

You cannot wear most types of armour.
You are very stealthy in the water. (Stealth+)
You are amphibious.
You can wear up to eight rings at the same time.
You can use your tentacles to constrict eight enemies at once.
Your skin changes colour to match your surroundings (Stealth+).
Your rubbery body absorbs attacks. (AC +1, EV +1)


Message History

Unknown command.
You are held in a net!
You struggle against the net.
The gnoll completely misses you.
Casting: Spider Form
Confirm with . or Enter, or press ? or * to list all spells.
You miscast Spider Form.
You are very lightly contaminated with residual magic.
You smell something strange.
The gnoll hits you from afar with an enchanted halberd.
The gnoll drinks a potion.
The gnoll seems to speed up.
Casting: Spider Form
Confirm with . or Enter, or press ? or * to list all spells.
You don't have enough magic to cast that spell.
You struggle against the net.
The gnoll hits you with a whip.
The gnoll hits you from afar with an enchanted halberd.
You shred the net and break free! The gnoll hits you with a whip!
The gnoll misses you.
The gnoll hits you from afar with an enchanted halberd!
Ouch! That really hurt!
You die...

........# #)#.# #..........#...
........# #...# #...........<#.
........# ##### #........#####.
########## ##....#.... .
.........###########.#..##....#
#
.........#.............>......#
.........#.......gg.###.#####...
.........#..........###.# .##
.........#......@g......
.........#..............
..........#.#(..........
#########.._............
###.#........... #..............
#.(.....!...... ##########.....
...


You could see 3 gnolls.

Vanquished Creatures
  A gnoll (D:1)
  2 adders (D:2)
  A dart slug (D:1)
  2 leopard geckos
  4 bats
  6 giant cockroaches (D:1)
  7 goblins
  4 hobgoblins
  4 jackals (D:1)
  A ball python (D:2)
  3 frilled lizards
  A kobold (D:2)
  11 rats
47 creatures vanquished.

Notes
Turn   | Place    | Note
-------+----------+-------------------------------------------
     0 | D:1      | prawnwizard the Octopode Transmuter began the quest for the Orb.
     0 | D:1      | Reached XP level 1. HP: 13/13 MP: 3/3
    74 | D:1      | Reached XP level 2. HP: 15/18 MP: 5/5
   676 | D:1      | Reached XP level 3. HP: 19/23 MP: 6/6
  1374 | D:2      | Reached XP level 4. HP: 10/28 MP: 7/7
  1730 | D:2      | Found a stormy altar of Qazlal.
  1742 | D:2      | Learned a level 2 spell: Sticks to Snakes
  1746 | D:2      | Learned a level 3 spell: Spider Form
  1789 | D:2      | Mangled by a gnoll

Action                   |  1- 3 |  4- 6 || total
-------------------------+-------+-------++-------
Melee: Unarmed           |    92 |    18 ||   110
       Constrict         |    23 |     5 ||    28
       Tentacles         |     9 |     2 ||    11
       Punch             |       |     1 ||     1
 Cast: Spider Form       |       |     1 ||     1
 Stab: Sleeping          |    16 |       ||    16
  Eat: Chunk             |     1 |     2 ||     3
Armor: Skin              |     4 |     2 ||     6
Dodge: Dodged            |    45 |    20 ||    65
